 Dungeon Crawl Stone Soup version 0.31-a0-219-g8d62b2e7bb (webtiles) character file.

Game seed: 10573179348043509329

24 GloriousHammer the Chopper (level 3, -1/33 HPs)
             Began as a Hill Orc Monk on July 4, 2023.
             Slain by Terence
             ... wielding a +1 trident of protection
              (11 damage)
             ... on level 2 of the Dungeon.
             The game lasted 00:01:58 (567 turns).

GloriousHammer the Chopper (Hill Orc Monk)           Turns: 567, Time: 00:01:58

Health: -1/33      AC:  4    Str: 15    XL:     3   Next: 2%
Magic:  3/3        EV: 12    Int: 10    God:
Gold:   76         SH:  0    Dex: 13    Spells: 2/2 levels left

rFire   . . .        a - +0 hand axe
rCold   . . .        d - orb {light}
rNeg    . . .        b - +0 robe
rPois   .            (no helmet)
rElec   .            j - +0 cloak
rCorr   .            e - +0 pair of gloves
SInv    .            (no boots)
Will    .....        (no amulet)
Stlth   +            (no ring)
HPRegen 0.25/turn    (no ring)
MPRegen 0.08/turn

%: no passive effects
@: glowing
A: no striking features
a: no special abilities


You were on level 2 of the Dungeon.
You visited 1 branch of the dungeon, and saw 2 of its levels.

You collected 76 gold pieces.

Inventory:

Hand Weapons
 a - a +0 hand axe (weapon)
Armour
 b - a +0 robe (worn)
 d - an orb of light (worn)
 e - a +0 pair of gloves (worn)
 j - a +0 cloak (worn)
Scrolls
 h - a scroll of enchant weapon {unknown}
 k - a scroll of identify {unknown}
Potions
 c - a potion of ambrosia
 f - a potion of curing {unknown}
 i - a potion of haste {unknown}


   Skills:
 - Level 4.0 Fighting
 + Level 4.7 Axes
 - Level 2.7 Dodging


You had 2 spell levels left.
You didn't know any spells.
Your spell library was empty.

Dungeon Overview and Level Annotations

Branches:
Dungeon (2/15)

Altars:

Annotations:
D:2 Terence


Message History

You kill the goblin!
A kobold comes into view. It is wielding a +0 dagger.
A kobold is nearby!
A kobold is nearby!
Unknown command.
A kobold is nearby!
The kobold shouts!
The kobold throws a stone.
The stone closely misses you.
You see here a +0 club.
The kobold barely misses you. The kobold barely misses you.
The kobold completely misses you.
You hit the kobold.
You kill the kobold!
Things that are here:
a +0 dagger; 5 stones HP restored.
Found a stone staircase leading up.
Found 5 stones.
An endoplasm comes into view.
An endoplasm is nearby!
The endoplasm quivers.
You hit the endoplasm.
The endoplasm is lightly wounded.
The endoplasm hits you.
You hit the endoplasm.
The endoplasm is almost dead.
The endoplasm freezes you.
You are frozen.
You slash the endoplasm!
You kill the endoplasm!
You have reached level 3!
Your experience leads to an increase in your attributes!
Increase (S)trength, (I)ntelligence, or (D)exterity?
You feel stronger. x2
Found a short sword.
You now have 66 gold pieces (gained 13).
Terence the Incautious comes into view.
He is wielding a +1 trident of protection.
Terence shouts!
You see here 10 gold pieces.
Terence is nearby!
You now have 76 gold pieces (gained 10).
Found a stone.
Terence hits you from afar with a +1 trident of protection!
Terence closely misses you.
You hit Terence but do no damage. Terence closely misses you.
You hit Terence but do no damage.
Terence hits you with a +1 trident of protection.
You slash Terence!
Terence is moderately wounded.
Terence hits you with a +1 trident of protection.
You hit Terence but do no damage.
Terence is moderately wounded.
Terence hits you with a +1 trident of protection!
You hit Terence but do no damage.
Terence is moderately wounded.
Terence misses you.
Unknown command.
Throw: throwing net
Press: ? - help, Q - select action Shift-Dir - straight line, f - Terence
Aim: Terence, wielding a +1 trident of protection and wearing a +0 scale mail (moderately wounded, haloed, 82% to hit)
You throw a throwing net. The throwing net hits Terence.
Terence is caught in the net!
Terence is moderately wounded.
Terence bares his teeth.
Terence struggles against the net.
You hit Terence but do no damage.
Terence is moderately wounded.
Terence struggles against the net.
You hit Terence but do no damage.
Terence is moderately wounded.
Terence struggles against the net.
You hit Terence but do no damage.
Terence is moderately wounded.
Terence struggles against the net.
You hit Terence but do no damage.
Terence is moderately wounded.
Terence struggles against the net.
The net rips apart, and Terence comes free!
You hit Terence but do no damage.
Terence is moderately wounded.
Terence hits you with a +1 trident of protection!
* * * LOW HITPOINT WARNING * * *
You hit Terence.
Terence is heavily wounded.
Terence barely misses you.
Unknown command.
You hit Terence but do no damage.
Terence is heavily wounded.
Terence barely misses you.
You hit Terence but do no damage.
Terence is heavily wounded.
Terence barely misses you.
You barely miss Terence.
Terence is heavily wounded.
Terence closely misses you.
You hit Terence but do no damage.
Terence is heavily wounded.
Terence hits you with a +1 trident of protection!
You die...

#+#+#. ..... .....
.... .....(. ...
........ ... ..
........
.....#.###.....##
.....#.@..........
.......@..........
............###$..
.....#.........#
.### #.....)...#
..#.........#
#.#.........+ .
#.##........# ..
#. #.##........#
... #.
#.####......# ....


You could see Terence.

Vanquished Creatures
  A bat (D:1)
  An endoplasm (D:2)
  A giant cockroach (D:1)
  3 goblins
  A hobgoblin (D:2)
  5 jackals (D:2)
  3 kobolds
  A quokka (D:1)
  3 ball pythons (D:1)
  2 rats (D:1)
21 creatures vanquished.

Notes
Turn   | Place    | Note
-------+----------+-------------------------------------------
     0 | D:1      | GloriousHammer the Hill Orc Monk began the quest for the
                  | Orb.
     0 | D:1      | Reached XP level 1. HP: 19/19 MP: 1/1
   232 | D:1      | Reached XP level 2. HP: 27/27 MP: 2/2
   517 | D:2      | Reached XP level 3. HP: 28/33 MP: 3/3
   547 | D:2      | Noticed Terence
   567 | D:2      | Slain by Terence

Illustrated notes

Levels and vault maps discovered:
D:1:      lightli_arrival_windingriver, layout_basic
D:2:      layout_basic, hellmonk_ecumenical_altar_pennies_from_heaven,
          kennysheep_generic_room_2, uniq_terence

Skill      XL: |  1  2 |
---------------+-------+-----
Fighting       | 4 |  4.0
Axes           | |  4.7
Dodging        | |  2.7

Action                     || total
---------------------------++-------
  Melee: Hand axe          ||    65
  Throw: Throwing net      ||     1
 Armour: Robe              ||    20
  Dodge: Dodged            ||    57

Table legend: (Time is in decaauts)
 A = Elapsed time spent in this place.
 B = Non-inter-level travel time spent in this place.
 C = Inter-level travel time spent in this place.
 D = Time resting spent in this place.
 E = Time spent auto-exploring this place.
 F = Levels seen in this place.
 G = Mean time per level.
                   A        B        C        D        E       F      G
               +--------+--------+--------+--------+--------+-----+--------+
         Total |    574 |    567 |      7 |      0 |    385 |   2 |  287.0 |
       Dungeon |    574 |    567 |      7 |      0 |    385 |   2 |  287.0 |
               +--------+--------+--------+--------+--------+-----+--------+

Top non-repeatable levels by time:
     D:1: 441 daAuts
     D:2: 132 daAuts
